Honen, chaotic male elven Priest -------- ----- --------------- |.>....| +...| ------------- |.............| |.......## |...| |............###### |.............| |......| ####|...| |...........| ###..............| |......| ####|...-# |...........| ## |.............| |......| ###|...|# |...........+ |.............| |......- ##-...|# --.---------- ------.-------- ---|---- #-----# ## ## # ## ### # # # # # ### # ### # # # # --------.- ### # # |........| # -----|-- ###|........| ## |......| #-........| --|---- |......- ---------- |.@...| |......| |[[.f@| |.<....| |[..[m| -------- ------- Honen the Aspirant Experience level: 2 Strength: 12 Dexterity: 10 Constitution: 15 Intelligence: 7 Wisdom: 18 Charisma: 13 Health: 0(23) Energy: 9(14) Def: 6 Gold: 0 Moves: 790 Dungeon seed: Sysvh7v8LaSELOY5 Game ID: Honen_1615655693 Your Inventory: Weapons a - a blessed +1 mace (weapon in hand) i - a +0 sling s - 8 blessed +0 arrows Armor e - a blessed +0 robe (being worn) n - a +0 small shield (being worn) y - a +0 pair of leather gloves (being worn) z - a +0 pair of gauntlets of dexterity Comestibles c - a clove of garlic d - 2 sprigs of wolfsbane j - a lembas wafer p - a lichen corpse q - a tripe ration u - a fortune cookie w - 2 apples Scrolls m - a cursed scroll of identify Spellbooks f - a spellbook of extra healing g - a spellbook of protection Potions b - 4 potions of holy water k - a cursed potion of sleeping l - a cursed potion of confusion v - a potion of gain energy Tools h - a wooden flute Gems r - a worthless piece of blue glass Spells and supernatural/magical abilities: Name Level Category Fail Memory p - protection 1 clerical 0% 97% x - extra healing 3 healing 79% 97% W - pray for help -- divine ? -- X - turn undead -- divine ? -- Your skills at the end: Fighting Skills Weapon Skills mace [Basic] Spellcasting Skills clerical spells [Basic] Final Attributes: You were piously aligned. You had infravision. You were held by a large mimic. You were protected. You are dead. Vanquished creatures: a shrieker a gecko a jackal a kobold 3 grid bugs 2 lichens 3 newts 12 creatures vanquished. Voluntary challenges: You were an atheist. You used a wielded weapon 17 times, starting on turn 148. You read items or engraved 1 time, starting on turn 579. You never genocided any monsters. You never polymorphed an object. You never changed form. You used no wishes. You never split a pudding. You never wrote Elbereth's name. You never violated your personal moral code. Dungeon overview: The Dungeons of Doom: levels 1 to 3 Level 1 some fountains a long staircase Level 2 a fountain Level 3 <- You were here an armor shop History has recorded: On T:1 you entered the Dungeons of Doom to retrieve the Amulet of Yendor! On T:408 you reached level 2 of The Dungeons of Doom. On T:623 you reached level 3 of The Dungeons of Doom. On T:716 you advanced to experience level 2. Score breakdown: Gold: 0 ( 0 points) Experience: 2 levels ( 5570 points) Exploration: 3 levels ( 6.00%) ( 6060 points) Discoveries: 3 items ( 1.05%) ( 3072 points) Valuables value: (no points given unless you survive) Artifact value: 0 ( 0 points) Variety of kills: 7 monsters ( 1.84%) ( 4066 points) Turncount: 790 turns ( 0 points) Survival: died (score multiplied by 80%) Total score: 15014 Latest messages: You see here a banded mail (90 zorkmids). Wait! That's a large mimic! You hit the large mimic. Qwerty picks up a coarse mantelet. You hit the large mimic. The large mimic hits! Qwerty drops a coarse mantelet. You hit the large mimic. The air around you begins to shimmer with a golden haze. Qwerty picks up a coarse mantelet. You miss the large mimic. Qwerty drops a coarse mantelet. You miss the large mimic. The large mimic hits! You hit the large mimic! You hit the large mimic. You hit the large mimic! You miss the large mimic. The large mimic hits! You die... Siirt comes and takes all your possessions. Final status: Goodbye Honen the Priest, killed by a large mimic... You died in The Dungeons of Doom on dungeon level 3 with 15014 points, and 0 pieces of gold, after 790 moves. You were level 2 with a maximum of 23 hit points when you died.